 Dungeon Crawl Stone Soup version 0.31-a0-986-g5e6e4ef867 (webtiles) character file.

Game seed: 9699967946808969127

989 Maxmaps the Ducker (level 8, -7/78 HPs)
             Began as an Octopode Shapeshifter on Nov 6, 2023.
             Killed by divine providence
             ... invoked by an orc priest
              (14 damage)
             ... on level 6 of the Dungeon.
             The game lasted 00:06:05 (4144 turns).

Maxmaps the Ducker (Octopode Shapeshifter)          Turns: 4144, Time: 00:06:05

Health: -7/78      AC: 24    Str: 13    XL:     8   Next: 18%
Magic:  8/8        EV:  2    Int: 15    God:
Gold:   158        SH:  7    Dex: 11    Spells: 7/7 levels left

rFire   . .          .
                       - Unarmed
rCold   . . .        t - +2 buckler
rNeg    . . .        (helmet currently unavailable)
rPois   +            r - amulet of the acrobat
rElec   .            o - ring of wizardry
rCorr   .            p - ring of poison resistance
SInv    .            (no ring)
Will    .....        (no ring)
Stlth   +++          (no ring)
HPRegen 0.33/turn    (no ring)
MPRegen 0.11/turn    (no ring)
                     (no ring)

%: acrobat, wizardry (x1)
@: tree-form (expiring)
A: stationary, stasis, torment immunity, boosted hp, almost no armour,
(amphibious), 8 rings, (camouflage 1), (gelatinous body 1), (nimble swimmer 1),
(tentacles)
a: no special abilities


You were on level 6 of the Dungeon.
You were a tree.
You visited 1 branch of the dungeon, and saw 6 of its levels.

You collected 254 gold pieces.
You spent 96 gold pieces at shops.

Inventory:

Missiles
 z - a throwing net
Armour
 t - a +2 buckler (worn)
Jewellery
 o - a ring of wizardry (left branch)
 p - a ring of poison resistance (right branch)
 r - an amulet of the acrobat (around neck)
Talismans
 b - a beast talisman
 c - a flux talisman
 f - a maw talisman
 y - a blade talisman
Wands
 x - a wand of paralysis (2)
Scrolls
 i - a scroll of fear
 k - a scroll of teleportation
Potions
 a - a potion of cancellation {unknown}
 h - a potion of mutation {unknown}
 l - 2 potions of attraction
 n - 3 potions of brilliance
 s - 2 potions of lignification
 u - 2 potions of magic {unknown}
 v - 2 potions of resistance {unknown}
 A - a potion of invisibility {unknown}


   Skills:
 - Level 3.3 Fighting
 + Level 5.6 Dodging
 - Level 4.6 Stealth
 - Level 5.4 Shields
 - Level 3.0 Unarmed Combat
 - Level 3.1 Shapeshifting


You had 7 spell levels left.
You didn't know any spells.
Your spell library contained the following spells:

 Spells                   Type           Power      Damage    Failure   Level
 Freeze                   Ice            0%         1d3       14%         1
 Cigotuvi's Dreadful Rot  Necr/Pois/Air  0%         N/A       21%         2
 Wereblood                Tmut           0%         N/A       21%         2
 Frozen Ramparts          Ice            0%         1d1       38%         3
 Hailstorm                Conj/Ice       0%         3d3       38%         3
 Ignite Poison            Fire/Tmut/Pois 0%         N/A       38%         3
 Freezing Cloud           Conj/Ice/Air   0%         6-21      98%         5
 Irradiate                Conj/Tmut      0%         3d11      98%         5


Dungeon Overview and Level Annotations

Branches:
Dungeon (6/15)             Temple (0/1) D:5

Altars:
Elyvilon
Nemelex Xobeh
Trog
Uskayaw

Shops:
D:2 *![[

Annotations:
D:4 1 transporter


Innate Abilities, Weirdness & Mutations

You are a tree.
Your roots penetrate the ground, keeping you stationary.
You cannot be teleported.
You are immune to unholy pain and torment.
Your maximum health is greatly increased.
You cannot wear most types of armour.
((You are amphibious.))
You can wear up to eight rings at the same time.
((Your skin changes colour to match your surroundings (Stealth+).))
((Your rubbery body absorbs attacks. (AC +1, EV +1)))
((You are camouflaged when in or above water. (Stealth+)))
((You have tentacles for arms and can constrict up to eight enemies at once.))


Message History

You closely miss the ogre.
The ogre is almost dead.
An orc priest comes into view.
It is wielding a +0 short sword and wearing a +2 leather armour of cold resistance.
The ogre hits you with a +0 giant spiked club!!
* * * LOW HITPOINT WARNING * * *
You barely miss the ogre.
The ogre is almost dead.
You smack the ogre!
You kill the ogre!
You smack the orc!
You kill the orc!
Your transformation is almost over.
You hit the orc priest.
The orc priest is moderately wounded.
The orc priest mumbles some strange prayers to Beogh against you.
Beogh smites you!
* * * LOW HITPOINT WARNING * * *
You hit the orc priest.
The orc priest is heavily wounded.
The orc priest hits you with a +0 mace.
* * * LOW HITPOINT WARNING * * *
You feel much better.
The orc priest hits you but does no damage.
You barely miss the orc priest.
The orc priest is heavily wounded.
The orc priest calls down the wrath of Beogh upon you.
Beogh smites you!
* * * LOW HITPOINT WARNING * * *
You hit the orc priest but do no damage.
The orc priest is heavily wounded.
The orc priest barely misses you.
You closely miss the orc priest.
The orc priest is heavily wounded.
The orc priest looks satisfied for a moment.
You hit the orc priest.
The orc priest is heavily wounded.
The orc priest hits you but does no damage.
The orc priest mumbles some strange prayers to Beogh against you.
Beogh smites you!
You die...

###
'..
#..
#o#
#o#
#o#
#♣#
#.#
#.#
#.#
#...#
###.#
.# #


You could see 2 orc priests and an orc.

Vanquished Creatures
  A water moccasin (D:5)
  An ice beast (D:5)
  A black bear (D:4)
  An ogre (D:6)
  A scorpion (D:5)
  A jelly (D:4)
  An orc priest (D:4)
  A hound (D:4)
  3 iguanas
  5 orc wizards
  Robin (D:2)
  A gnoll (D:1)
  10 adders
  An ufetubus (D:5)
  2 worms
  2 dart slugs
  19 orcs
  9 ball pythons
  9 bats
  5 endoplasms
  5 giant cockroaches
  12 goblins
  11 hobgoblins
  8 jackals
  6 quokkas
  5 frilled lizards
  7 kobolds
  4 rats
133 creatures vanquished.

Notes
Turn   | Place    | Note
-------+----------+-------------------------------------------
     0 | D:1      | Maxmaps the Octopode Shapeshifter began the quest for the
                  | Orb.
     0 | D:1      | Reached XP level 1. HP: 13/13 MP: 1/1
    79 | D:1      | Reached XP level 2. HP: 19/19 MP: 2/2
   353 | D:1      | Reached XP level 3. HP: 25/25 MP: 3/3
   862 | D:1      | Reached skill level 1 in Stealth
  1175 | D:2      | Reached XP level 4. HP: 28/31 MP: 4/4
  1228 | D:2      | Noticed Robin
  1269 | D:2      | Killed Robin
  1375 | D:2      | Found Yppue's General Store.
  1407 | D:2      | Found Virafof's Distillery.
  1423 | D:2      | Bought a potion of heal wounds for 60 gold pieces
  1423 | D:2      | Bought a potion of lignification for 36 gold pieces
  1506 | D:2      | Reached XP level 5. HP: 32/36 MP: 5/5
  1523 | D:2      | Noticed an animated pearl dragon scales
  1525 | D:2      | Found Ixea's Armour Shoppe.
  1526 | D:2      | Found Janic's Armour Emporium.
  1532 | D:2      | Noticed an animated pearl dragon scales
  1940 | D:3      | Reached skill level 1 in Shields
  1983 | D:3      | Found a bloodstained altar of Trog.
  2057 | D:3      | Found a faded altar of an unknown god.
  2264 | D:3      | Reached XP level 6. HP: 36/42 MP: 6/6
  2760 | D:4      | Noticed a black bear
  2769 | D:4      | Killed a black bear
  3139 | D:4      | Reached XP level 7. HP: 39/46 MP: 7/7
  3224 | D:4      | Found a hide-covered altar of Uskayaw.
  3233 | D:4      | Reached skill level 5 in Shields
  3561 | D:4      | Found a sparkling altar of Nemelex Xobeh.
  3561 | D:4      | Found a transporter.
  3562 | D:4      | Noticed a steam dragon
  3646 | D:4      | Found a white marble altar of Elyvilon.
  3788 | D:5      | Entered Level 5 of the Dungeon
  3942 | D:5      | Reached XP level 8. HP: 44/52 MP: 8/8
  4118 | D:6      | Reached skill level 5 in Dodging
  4139 | D:6      | HP: 1/78 [orc priest/+0 mace (6)]
  4144 | D:6      | Killed from afar by an orc priest

Illustrated notes

Levels and vault maps discovered:
D:1:      dpeg_arrival_arbitrary_b, layout_loops_corners
D:2:      layout_basic, serial_shops, shop, nicolae_shop_hallway_plus,
          nicolae_shop_mannequins, shop, minmay_worlds_worst_comb, uniq_robin
D:3:      layout_loops_ring, mainiacjoe_overflow_cross_hatched,
          ebering_ecumenical_altar_sacrificial, dreamdust_mushroom_princess,
          kennysheep_cross_room, kennysheep_donut, minmay_snake_closets
D:4:      layout_loops_ring, grunt_nemelex_the_gamble,
          eat_drink_and_be_merry_uskayaw, mainiacjoe_overflow_six_doors_small,
          kennysheep_generic_room_13
D:5:      minmay_clustersquares, layout_gridville,
          minmay_temple_entry_statues_fountains, minmay_misc_feat_square,
          amethyst_killhole
D:6:      layout_basic, mainiacjoe_overflow_surrounded_room

Skill      XL: |  1  2  3  4  5  6  7  8 |
---------------+-------------------------+-----
Fighting       | 2 3 |  3.3
Stealth        | 2 4 |  4.6
Shields        | 2 4 5 |  5.4
Dodging        | 4 5 |  5.6
Unarmed Combat | |  3.0
Shapeshifting  | |  3.1

Action                     |  1- 3 |  4- 6 |  7- 9 || total
---------------------------+-------+-------+-------++-------
  Melee: Unarmed           |    70 |   172 |    90 ||   332
         Constrict         |    17 |    33 |    13 ||    63
         Tentacles         |    12 |    33 |    15 ||    60
         Punch             |     1 |     4 |     4 ||     9
    Use: Potion            |       |     3 |     4 ||     7
         Scroll            |       |       |     9 ||     9
   Stab: Sleeping          |     7 |    15 |     4 ||    26
 Armour: Skin              |    23 |    89 |    45 ||   157
  Dodge: Dodged            |    36 |    85 |    28 ||   149
  Block: Buckler           |       |    24 |    23 ||    47

Table legend: (Time is in decaauts)
 A = Elapsed time spent in this place.
 B = Non-inter-level travel time spent in this place.
 C = Inter-level travel time spent in this place.
 D = Time resting spent in this place.
 E = Time spent auto-exploring this place.
 F = Levels seen in this place.
 G = Mean time per level.
                   A        B        C        D        E       F      G
               +--------+--------+--------+--------+--------+-----+--------+
         Total |   4132 |   3988 |    144 |    382 |   2760 |   6 |  688.7 |
       Dungeon |   4132 |   3988 |    144 |    382 |   2760 |   6 |  688.7 |
               +--------+--------+--------+--------+--------+-----+--------+

Top non-repeatable levels by time:
     D:4: 1127 daAuts
     D:1: 1046 daAuts
     D:3: 869 daAuts
     D:2: 734 daAuts
     D:5: 322 daAuts
     D:6: 32 daAuts
